 Seeded DCSS version 0.31-a0-16-g6d2539766c (webtiles) character file.

Game seed: 18446744073709551615 (custom seed)

44 muata the Slasher (level 3, -1/31 HPs)
             Began as a Minotaur Berserker on May 8, 2023.
             Was a Follower of Trog.
             Slain by a goblin
             ... wielding a +0 dagger
              (3 damage)
             ... on level 2 of the Dungeon.
             The game lasted 00:02:55 (1038 turns).

muata the Slasher (Minotaur Berserker)              Turns: 1038, Time: 00:02:57

Health: -1/31      AC:  2    Str: 23    XL:     3   Next: 39%
Magic:  2/2        EV: 12    Int:  4    God:    Trog [*.....]
Gold:   45         SH:  0    Dex:  9    Spells: 2/2 levels left

rFire   . . .        a - +0 falchion
rCold   . . .        (no shield)
rNeg    . . .        b - +0 animal skin
rPois   .            (helmet restricted)
rElec   .            (no cloak)
rCorr   .            (no gloves)
SInv    .            (no boots)
Will    .....        (no amulet)
Stlth   +            d - +4 ring of slaying
HPRegen 0.25/turn    (no ring)
MPRegen 0.08/turn

%: no passive effects
@: on berserk cooldown, slowed, very slow
A: horns 2, retaliatory headbutt
a: Renounce Religion, Berserk


You were on level 2 of the Dungeon.
You worshipped Trog.
Trog was aware of your devotion.
You visited 1 branch of the dungeon, and saw 2 of its levels.

You collected 45 gold pieces.

Inventory:

Hand Weapons
 a - a +0 falchion (weapon)
Armour
 b - a +0 animal skin (worn)
Jewellery
 d - a +4 ring of slaying (left hand)
Scrolls
 f - a scroll of immolation {unknown}
 h - a scroll of torment {unknown}
 i - 2 scrolls of magic mapping
 j - 2 scrolls of noise
Potions
 c - a potion of curing {unknown}
 e - 3 potions of degeneration
 g - a potion of might {unknown}
 k - a potion of haste {unknown}


   Skills:
 - Level 3.6 Fighting
 + Level 5.4 Long Blades
 - Level 2.4 Armour
 - Level 2.1 Dodging


You had 2 spell levels left.
You didn't know any spells.
Your spell library was empty.

Dungeon Overview and Level Annotations

Branches:
Dungeon (2/15)

Altars:


Innate Abilities, Weirdness & Mutations

You have a pair of horns on your head.
You reflexively headbutt those who attack you in melee.


Message History

Trog accepts your kill. The goblin hits you with a +0 dagger.
You closely miss the goblin.
A goblin comes into view. It is wielding a +0 club.
The goblin hits you with a +0 club. The goblin barely misses you.
The goblin closely misses you. The goblin hits you with a +0 dagger.
The goblin shouts!
You slash the goblin!
You kill the goblin!
Trog accepts your kill. The adder bites you.
You hit the adder.
The adder is heavily wounded.
You are no longer berserk.
You are exhausted.
You feel yourself slow down. The goblin hits you with a +0 club.
The goblin barely misses you. The adder bites you.
* * * LOW HITPOINT WARNING * * *
You closely miss the adder.
The adder is heavily wounded.
The adder completely misses you.
A hobgoblin comes into view.
The goblin closely misses you. The goblin barely misses you.
You furiously retaliate!
You headbutt the goblin!
You kill the goblin!
Trog accepts your kill. The goblin closely misses you.
The adder barely misses you. The goblin hits you with a +0 dagger.
* * * LOW HITPOINT WARNING * * *
The hobgoblin hits you.
* * * LOW HITPOINT WARNING * * *
A hobgoblin comes into view.
The goblin barely misses you.
You slash the adder!
You kill the adder!
Trog accepts your kill. The goblin hits you with a +0 dagger.
* * * LOW HITPOINT WARNING * * *
The goblin hits you with a +0 dagger.
You die...

#.....# # #.....# # #.
#.....# # #.# #.....# #
#..####..#########
####.........>....... .
........##..#########
...#######......## ##
......g@g.##.##..# ###.
...g...gg.##.##..####...
.g.....)..##.#....#.....
.#####.##..#.#.........#
#. ##........#..### ..
...#.......## #..
...<........ ...
#..........#. #.##
...##..#..#...


You could see 2 hobgoblins and 4 goblins.

Vanquished Creatures
  Robin (D:2)
  An adder (D:2)
  A worm (D:1)
  2 ball pythons (D:1)
  2 endoplasms (D:1)
  A giant cockroach (D:2)
  8 goblins
  3 hobgoblins
  3 kobolds
  2 bats
  2 frilled lizards
  3 rats (D:1)
29 creatures vanquished.

Notes
Turn   | Place    | Note
-------+----------+-------------------------------------------
     0 | D:1      | muata the Minotaur Berserker began the quest for the Orb.
     0 | D:1      | Reached XP level 1. HP: 19/19 MP: 0/0
    99 | D:1      | Reached skill level 4 in Long Blades
   147 | D:1      | Reached XP level 2. HP: 11/26 MP: 1/1
   963 | D:2      | Reached skill level 5 in Long Blades
  1018 | D:2      | Noticed Robin
  1021 | D:2      | Reached XP level 3. HP: 26/31 MP: 2/2
  1027 | D:2      | Killed Robin
  1038 | D:2      | Slain by a goblin

Illustrated notes

Levels and vault maps discovered:
D:1:      dpeg_arrival_brainrot, layout_loops_ring
D:2:      layout_rooms, chequers_decorated_corner, uniq_robin

Skill      XL: |  1  2 |
---------------+-------+-----
Long Blades    | 4 5 |  5.4
Fighting       | |  3.6
Armour         | |  2.4
Dodging        | |  2.1

Action                     || total
---------------------------++-------
  Melee: Falchion          ||    70
         Headbutt          ||     5
 Invoke: Berserk           ||     1
    Use: Scroll            ||     3
   Stab: Sleeping          ||     1
 Armour: Animal skin       ||    15
  Dodge: Dodged            ||    45

Table legend: (Time is in decaauts)
 A = Elapsed time spent in this place.
 B = Non-inter-level travel time spent in this place.
 C = Inter-level travel time spent in this place.
 D = Time resting spent in this place.
 E = Time spent auto-exploring this place.
 F = Levels seen in this place.
 G = Mean time per level.
                   A        B        C        D        E       F      G
               +--------+--------+--------+--------+--------+-----+--------+
         Total |   1039 |    963 |     76 |     58 |    681 |   2 |  519.5 |
       Dungeon |   1039 |    963 |     76 |     58 |    681 |   2 |  519.5 |
               +--------+--------+--------+--------+--------+-----+--------+

Top non-repeatable levels by time:
     D:1: 956 daAuts
     D:2: 82 daAuts
